 Dungeon Crawl Stone Soup version 0.31.0-9-g3a7656b989 (webtiles) character file.

Game seed: 632913833938889063

86559 McKennaii the Scorcher (level 15, 0/99 HPs)
             Began as a Demigod Conjurer on Feb 1, 2024.
             Killed from afar by Azrael (31 damage)
             ... with a bolt of fire
             ... on level 13 of the Dungeon on Feb 2, 2024.
             The game lasted 00:44:41 (30166 turns).

McKennaii the Scorcher (Demigod Conjurer)          Turns: 30166, Time: 00:44:42

Health: 0/99       AC:  9    Str: 12    XL:     15   Next: 2%
Magic:  48/52      EV: 11    Int: 56    God:
Gold:   897        SH:  0    Dex: 12    Spells: 15/40 levels left

rFire   x . .        z - +6 great sword
rCold   . . .        (shield currently unavailable)
rNeg    . . .        C - +1 leather armour of the Nightingale {rF- Will- rCorr Int+9}
rPois   .            Q - +3 hat of Pondering {ponderous, Will+ MP+10 Int+5}
rElec   .            s - +0 cloak
rCorr   +            f - +0 pair of gloves
SInv    .            (no boots)
Will    ++...        T
                       - Hermit's Pendant {Faith Invo=14 Evo=0 MP+5}
Stlth   ++           N - +6 ring of intelligence
HPRegen 0.36/turn    S - ring of willpower
MPRegen 0.33/turn

%: faith
@: slow
A: high MP 1, forlorn, divine attributes
a: no special abilities


You were on level 13 of the Dungeon.
You visited 2 branches of the dungeon, and saw 20 of its levels.

You collected 1480 gold pieces.
You spent 583 gold pieces at shops.

Inventory:

Hand Weapons
 y - a +1 spear of venom
 z - a +6 great sword (weapon)
Missiles
 G - 2 throwing nets
Armour
 f - a +0 pair of gloves (worn)
 o - the +2 helmet of Entitlement {rElec rC++ Stlth+}
   (You found it on level 5 of the Lair of Beasts)

   rC++:      It greatly protects you from cold.
   rElec:     It insulates you from electricity.
   Stlth+:    It makes you more stealthy.
 s - a +0 cloak (worn)
 t - a +1 robe of willpower
 C - the +1 leather armour of the Nightingale (worn) {rF- Will- rCorr Int+9}
   (You found it on level 6 of the Dungeon)

   Int+9:     It affects your intelligence (+9).
   rF-:       It makes you vulnerable to fire.
   Will-:     It decreases your willpower.
   rCorr:     It protects you from acid and corrosion.
 H - +0 steam dragon scales
 Q - the +3 hat of Pondering (worn) {ponderous, Will+ MP+10 Int+5}
   (You bought it in a shop on level 12 of the Dungeon)

   Int+5:     It affects your intelligence (+5).
   Will+:     It increases your willpower.
   MP+10:     It affects your magic capacity (+10).
 X - +0 pearl dragon scales
Jewellery
 M - a +6 ring of strength
 N - a +6 ring of intelligence (left hand)
 R - a ring of ice
 S - a ring of willpower (right hand)
 T - the Hermit's Pendant (around neck) {Faith Invo=14 Evo=0 MP+5}
   (You found it on level 2 of the Lair of Beasts)

   [amulet of faith]

   Invo=14: It sets your Invocations skill to 14.
   Evo=0: It sets your Evocations skill to 0.
   Faith:     It allows you to gain divine favour quickly.
   MP+5:      It affects your magic capacity (+5).
 V - a ring of positive energy
Wands
 q - a wand of iceblast (17)
 D - a wand of polymorph (18)
 J - a wand of digging (6)
 K - a wand of flame (14)
 O - a wand of charming (10)
 P - a wand of acid (15)
Scrolls
 a - a scroll of noise
 d - 3 scrolls of revelation
 h - a scroll of brand weapon
 i - 3 scrolls of fog
 j - 2 scrolls of amnesia
 n - 4 scrolls of fear
 p - 4 scrolls of enchant armour
 r - 10 scrolls of teleportation
 u - a scroll of silence
 v - 2 scrolls of vulnerability
 w - a scroll of immolation
 E - 7 scrolls of enchant weapon
 L - a scroll of blinking
 W - a scroll of summoning
 Y - a scroll of torment
Potions
 b - a potion of magic
 c - 4 potions of mutation
 e - 2 potions of cancellation
 g - 6 potions of lignification
 k - 3 potions of brilliance
 l - 4 potions of attraction
 m - 8 potions of curing
 x - 3 potions of enlightenment {unknown}
 A - 4 potions of ambrosia
 B - 6 potions of heal wounds {unknown}
 F - 4 potions of invisibility {unknown}
 I - 2 potions of berserk rage {unknown}
 U - a potion of haste {unknown}


   Skills:
 - Level 3.0 Armour
 - Level 1.7 Dodging
 - Level 1.7 Stealth
 + Level 13.1 Spellcasting
 + Level 14.5 Conjurations
 * Level 16.0 Fire Magic


You had 15 spell levels left.
You knew the following spells:

 Your Spells              Type           Power      Damage    Failure   Level
a - Magic Dart            Conj           100%       1d8       0%          1
b - Searing Ray           Conj           100%       2d8       0%          2
c - Iskenderun's Mystic   Conj/Tloc      87%        2d17      1%          4
d - Fireball              Conj/Fire      59%        3d23      1%          5
f - Freezing Cloud        Conj/Ice/Air   37%        6-21      1%          5
g - Ignition              Fire           60%        3d16      4%          8

Your spell library contained the following spells:

 Spells                   Type           Power      Damage    Failure   Level
 Kiss of Death            Conj/Necr      100%       2d13      1%          1
 Necrotise                Necr           100%       1d9       1%          1
 Cigotuvi's Dreadful Rot  Necr/Alch/Air  72%        N/A       1%          2
 Ensorcelled Hibernation  Hex/Ice        72%        N/A       1%          2
 Confusing Touch          Hex            36%        N/A       1%          3
 Fugue of the Fallen      Necr           36%        N/A       1%          3
 Vampiric Draining        Necr           36%        2d8       1%          3
 Fulminant Prism          Conj/Alch      43%        3d19      1%          4
 Ignite Poison            Fire/Alch      90%        N/A       1%          4
 Sticky Flame             Fire/Alch      90%        2d14      1%          4
 Anguish                  Hex/Necr       18%        N/A       5%          4
 Animate Armour           Summ/Erth      72%        N/A       5%          4
 Animate Dead             Necr           36%        N/A       5%          4
 Cause Fear               Hex            18%        N/A       5%          4
 Dispel Undead            Necr           36%        3d15      5%          4
 Martyr's Knell           Necr/Summ      36%        N/A       5%          4
 Summon Lightning Spire   Summ/Air       36%        N/A       5%          4
 Curse of Agony           Necr           36%        N/A       16%         5
 Lee's Rapid Deconstruct  Erth           18%        3d11*     16%         5
 Haunt                    Necr/Summ      18%        N/A       99%         7
 Infestation              Necr           18%        N/A       100%        8
 Dragon's Call            Summ           18%        N/A       100%        9


Dungeon Overview and Level Annotations

Branches:
Dungeon (15/15)            Temple (0/1) D:4            Lair (5/5) D:8
  Swamp (0/4) Lair:3       Spider (0/4) Lair:3        Slime (0/5) Lair:5
    Orc (0/2) D:12         Vaults (0/5) D:13         Depths (0/4) D:15

Shops:
D:3 :   D:5 ?   D:12 [   D:14 *

Portals:
Trove: D:15 (give +6 demon trident)

Annotations:
D:13 Azrael
D:15 1 runed translucent door, Colgate's ghost, veteran DsCA


Innate Abilities, Weirdness & Mutations

You have an increased reservoir of magic. (+10% MP)
You shall have no god before yourself.
Your divine heritage dramatically boosts your attributes as you level up.


Message History

Confirm with . or Enter, or press ? or * to list all spells.
Aiming: Freezing Cloud (dangerous; 1% risk of failure)
Press: ? - help, Dir - move target Azrael is momentarily hidden by a cloud of flames.
Unknown command.
Unknown command.
Aiming: Iceblast
Press: ? - help, Shift-Dir - straight line The mass of ice explodes!
The iceblast engulfs Azrael!
Azrael is frozen!
Azrael is lightly wounded.
Azrael is engulfed in freezing vapours.
Unknown command.
Unknown command.
Aiming: Iceblast
Press: ? - help, Shift-Dir - straight line The mass of ice explodes!
The iceblast engulfs Azrael!
Azrael is frozen!
Azrael is moderately wounded.
You hear a bark!
Azrael is engulfed in freezing vapours.
Azrael gestures at you. The bolt of fire hits you!!!
The fire burns you terribly!
Unknown command.
Aiming: Iceblast
Press: ? - help, Shift-Dir - straight line The mass of ice explodes!
The iceblast engulfs Azrael.
Azrael is severely wounded.
You hear a bark!
Azrael is engulfed in freezing vapours.
Azrael gestures at you. The bolt of fire hits you!!
The fire burns you terribly!
Unknown command.
Unknown command.
Aiming: Iceblast
Press: ? - help, Shift-Dir - straight line The mass of ice explodes!
The iceblast engulfs Azrael!
Azrael is frozen!
Azrael is severely wounded.
Azrael is engulfed in freezing vapours.
Azrael gestures at you. The bolt of fire hits you!!
The fire burns you terribly!
You die...

######..###### #....#.......#
#....#.......# #.
#....#......>#.#
#..#....#.......#.########
.#..+....#.......#........
.#..#....#.......#.......#
.#..####'#.......#.......#
.'..............@#...)...#
.#...............#..).)..#
.#...............))..<...###
.#....#####......#...)......#
.#'##.# #§R§...#).........#
....#.# #§§§...#..........#
....#.# #§.§...#..........#
....#.#####......#..........#
..<.#............#.########.#


You could see Azrael.

Vanquished Creatures
  Kirke (D:14)
  A stone giant (D:15)
  Fannar (D:12)
  3 hydras
  4 centaur warriors
  2 catoblepae
  A death knight (D:14)
  4 boulder beetles
  A two-headed ogre (D:11)
  A deep troll shaman (Lair:5)
  3 tengu warriors
  8 death yaks (Lair:5)
  The ghost of Heoruswealwe the Eclecticist, a journeyman DECj of Vehumet (D:11)
  Nergalle (Lair:1)
  4 skeletal warriors (D:15)
  3 skysharks (Lair:5)
  Lodul (D:13)
  3 lindwurms
  A phantasmal warrior (D:14)
  A deep elf pyromancer (D:14)
  A cyclops (D:14)
  12 ugly things (D:14)
  3 manticores
  3 meliai (D:12)
  34 elephants
  4 black mambas
  A torpor snail (Lair:5)
  A gargoyle (D:13)
  An eye of devastation (Lair:5)
  14 cane toads
  Maggie (D:9)
  14 komodo dragons
  3 rime drakes
  2 yaktaurs (D:13)
  A freezing wraith (D:14)
  A tengu conjurer (D:14)
  A queen bee (D:12)
  5 polar bears
  4 trolls
  A glass eye (Lair:5)
  21 blink frogs
  3 hornets (Lair:4)
  Prince Ribbit (D:5)
  Sigmund (D:3)
  2 shadows
  5 wraiths
  5 wyverns
  4 vampires
  36 yaks
  9 basilisks
  3 hogs (D:14)
  7 vampire mosquitoes
  4 steam dragons
  2 swamp worms (Lair:3)
  18 water moccasins
  2 acid dragons
  A hell hound (D:13)
  An ice beast (D:6)
  4 orc warriors
  4 black bears
  A sky beast (D:7)
  An ogre (shapeshifter) (D:11)
  7 centaurs
  36 wolves
  7 ogres
  3 phantoms
  Blork the orc (D:4)
  2 kobold brigands
  19 bullfrogs
  2 scorpions
  14 wights
  21 killer bees (D:12)
  7 howler monkeys
  2 electric eels
  2 jellies
  A bombardier beetle (D:3)
  9 orc priests
  A hound (D:6)
  An iguana (D:5)
  A sleepcap (D:5)
  21 orc wizards
  7 hell rats (Lair:3)
  6 adders
  7 gnolls
  2 ufetubi (D:6)
  5 dart slugs
  A ribbon worm (D:5)
  49 orcs
  A ball python (D:1)
  5 bats
  6 endoplasms
  4 giant cockroaches
  3 goblins
  4 hobgoblins
  2 jackals (D:2)
  6 kobolds
  2 quokkas
  A frilled lizard (D:1)
  6 rats
561 creatures vanquished.

Vanquished Creatures (collateral kills)
  Nessos (Lair:4)
1 creature vanquished.

Grand Total: 562 creatures vanquished

Notes
Turn   | Place    | Note
-------+----------+-------------------------------------------
     0 | D:1      | McKennaii the Demigod Conjurer began the quest for the Orb.
     0 | D:1      | Reached XP level 1. HP: 14/14 MP: 5/5
   308 | D:1      | Reached XP level 2. HP: 20/20 MP: 2/7
  1004 | D:1      | Learned a level 2 spell: Searing Ray
  1119 | D:2      | Reached XP level 3. HP: 20/26 MP: 2/9
  1785 | D:3      | Found Oplasiar's Book Boutique.
  1923 | D:3      | Reached XP level 4. HP: 30/33 MP: 1/11
  1933 | D:3      | Learned a level 4 spell: Iskenderun's Mystic Blast
  2455 | D:3      | Noticed Sigmund
  2465 | D:3      | Killed Sigmund
  2466 | D:3      | Reached skill level 5 in Conjurations
  2466 | D:3      | Reached XP level 5. HP: 31/38 MP: 2/14
  2862 | D:4      | Noticed Blork the orc
  2869 | D:4      | HP: 1/38 [Blork the orc/+0 trident (4)]
  2870 | D:4      | Killed Blork the orc
  2871 | D:4      | Reached XP level 6. HP: 2/45 MP: 5/15
  3595 | D:4      | Found a staircase to the Ecumenical Temple.
  3809 | D:5      | Entered Level 5 of the Dungeon
  3840 | D:4      | Reached XP level 7. HP: 34/50 MP: 3/17
  3938 | D:4      | Reached skill level 5 in Spellcasting
  4060 | D:5      | Found Foiluppu's Magic Scroll Emporium.
  4122 | D:5      | Bought a scroll of fear for 56 gold pieces
  4260 | D:5      | Noticed Prince Ribbit
  4266 | D:5      | Killed Prince Ribbit
  4652 | D:5      | Reached XP level 8. HP: 57/57 MP: 15/21
  5822 | D:6      | Identified the +1 leather armour of the Nightingale {rF-
                  | Will- rCorr Int+9}
  7152 | D:7      | Reached XP level 9. HP: 62/62 MP: 18/24
  7721 | D:8      | Learned a level 5 spell: Fireball
  7827 | D:8      | Reached skill level 1 in Fire Magic
  8019 | D:8      | Reached skill level 1 in Armour
  8172 | D:8      | Reached skill level 2 in Fire Magic
  8512 | D:8      | Noticed a komodo dragon
  8518 | D:8      | Killed a komodo dragon
  8519 | D:8      | Reached skill level 3 in Fire Magic
  8630 | D:8      | Noticed a komodo dragon
  8787 | D:8      | Killed a komodo dragon
  8937 | D:8      | Noticed a komodo dragon
  8942 | D:8      | Killed a komodo dragon
  8943 | D:8      | Reached skill level 4 in Fire Magic
  9001 | D:8      | Reached XP level 10. HP: 51/69 MP: 1/26
  9185 | D:8      | Found a staircase to the Lair.
  9196 | Lair:1   | Entered Level 1 of the Lair of Beasts
  9240 | Lair:1   | Noticed Nergalle
  9248 | Lair:1   | Killed Nergalle
  9461 | Lair:1   | Noticed a boulder beetle
  9596 | D:9      | Reached skill level 10 in Conjurations
  9752 | D:9      | Reached skill level 5 in Fire Magic
 10036 | D:9      | Identified the +1 leather armour of the Chupacabra {Harm
                  | *Corrode rPois rC++}
 10542 | D:9      | Reached skill level 6 in Fire Magic
 11450 | D:9      | Noticed Maggie
 11452 | D:9      | Killed Maggie
 11567 | D:10     | Entered Level 10 of the Dungeon
 12571 | D:11     | Reached skill level 7 in Fire Magic
 12996 | D:11     | Reached XP level 11. HP: 74/74 MP: 0/28
 13015 | D:11     | Noticed a two-headed ogre
 13144 | D:11     | Killed a two-headed ogre
 13684 | D:11     | Found a runed translucent door.
 13686 | D:11     | Noticed Heoruswealwe's ghost (journeyman DECj)
 13869 | D:11     | Killed Heoruswealwe's ghost
 13974 | D:12     | Reached skill level 8 in Fire Magic
 14066 | D:12     | Found Pacvit's Armour Boutique.
 14074 | D:12     | Bought the +3 hat of Pondering {ponderous, Will+ MP+10
                  | Int+5} for 495 gold pieces
 14074 | D:12     | Found the +3 hat of Pondering {ponderous, Will+ MP+10
                  | Int+5}
 14198 | D:12     | Noticed Fannar
 14204 | D:12     | Killed Fannar
 14939 | D:12     | Found a staircase to the Orcish Mines.
 15105 | D:12     | You fall into a shaft and drop 2 floors!
 15142 | D:14     | Noticed a tengu warrior
 15145 | D:14     | Killed a tengu warrior
 15146 | D:14     | Reached skill level 9 in Fire Magic
 15276 | D:14     | Noticed a boulder beetle
 15512 | D:14     | Noticed a centaur warrior
 15514 | D:14     | Killed a centaur warrior
 15515 | D:14     | Reached skill level 10 in Spellcasting
 15782 | D:13     | Noticed a centaur warrior
 15784 | D:13     | Killed a centaur warrior
 16055 | D:13     | Found a gate to the Vaults.
 16080 | D:13     | Noticed Azrael
 16292 | D:12     | Reached skill level 10 in Fire Magic
 16294 | D:12     | Reached XP level 12. HP: 46/81 MP: 16/30
 16560 | D:13     | Noticed Lodul
 17423 | Lair:1   | You fall into a shaft and drop 1 floor!
 17448 | Lair:2   | Noticed a catoblepas
 17461 | Lair:2   | Killed a catoblepas
 17462 | Lair:2   | Reached skill level 11 in Fire Magic
 18589 | Lair:2   | Reached skill level 12 in Fire Magic
 18750 | Lair:2   | Found the Hermit's Pendant {Faith Invo=14 Evo=0 MP+5}
 19407 | Lair:1   | Killed a boulder beetle
 19597 | Lair:1   | Reached XP level 13. HP: 86/86 MP: 33/33
 20607 | Lair:3   | Found a staircase to the Swamp.
 21032 | Lair:3   | Found a hole to the Spider Nest.
 21113 | Lair:3   | Learned a level 8 spell: Ignition
 21548 | Lair:4   | Reached skill level 13 in Fire Magic
 22711 | Lair:4   | Noticed Nessos
 22935 | Lair:4   | Killed Nessos
 23354 | Lair:5   | Entered Level 5 of the Lair of Beasts
 24046 | Lair:5   | Reached skill level 14 in Fire Magic
 24438 | Lair:5   | Reached XP level 14. HP: 93/93 MP: 32/35
 25696 | Lair:5   | Reached skill level 15 in Fire Magic
 25895 | Lair:5   | Found a staircase to the Slime Pits.
 26542 | Lair:5   | Identified the +2 helmet of Entitlement {rElec rC++ Stlth+}
 27051 | D:13     | Killed Lodul
 27713 | D:14     | Learned a level 5 spell: Freezing Cloud
 28233 | D:14     | Found Zecyg's General Store.
 28238 | D:14     | Bought a scroll of identify for 32 gold pieces
 28390 | D:14     | Noticed Kirke
 28395 | D:14     | Killed Kirke
 28853 | D:15     | Entered Level 15 of the Dungeon
 29093 | D:15     | Found a runed translucent door.
 29093 | D:15     | Noticed Colgate's ghost (veteran DsCA)
 29093 | D:15     | Identified the +2 battleaxe of Magnificence {chaos, *Noise
                  | rElec rPois SInv}
 29680 | D:15     | Reached XP level 15. HP: 64/99 MP: 27/37
 29758 | D:15     | Reached skill level 16 in Fire Magic
 29832 | D:15     | Found a portal to a secret trove of treasure.
 30011 | D:15     | Found a staircase to the Depths.
 30166 | D:13     | Killed from afar by Azrael

Illustrated notes

Levels and vault maps discovered:
D:1:      amcnicky_arrival_gap_in_the_tavern_cellar, layout_basic
D:2:      layout_basic
D:3:      layout_basic, serial_shops, shop_coins, grunt_ministairs_6,
          uniq_sigmund
D:4:      layout_loops_ring, overflow_temple_1_default,
          lemuel_coloured_pillars_altar,
          mainiacjoe_overflow_concentric_impassable,
          minmay_temple_entry_overgrown, kennysheep_generic_room_5,
          uniq_blork_the_orc
D:5:      layout_loops_ring, serial_shops, nicolae_shop_trees,
          uniq_prince_ribbit1
D:6:      layout_loops_corners, chequers_serial_rivers_large_a,
          palyth_stone_intersect
D:7:      layout_loops_ring, chequers_serial_rivers_large_b
D:8:      layout_gridville, erik_lair_dragon, nicolae_twisty_statue_hallways
D:9:      layout_stronghold, mainiacjoe_overflow_24_doors, uniq_maggie
D:10:     kennysheep_steamy, layout_gridville, nicolae_overflow_crystal_walls,
          minivault_25, grunt_decor_mini_mirrors
D:11:     layout_loops_cross, ebering_ghost_reflecting_pool,
          nicolae_wu_jian_wuxing_cycle
D:12:     layout_roguey [special_room_bee], hiddenorc1_lemuel, serial_shops,
          shop, uniq_fannar
D:13:     layout_irregular_city, david_vaults_2, serial_shops, shop, uniq_lodul,
          uniq_azrael
D:14:     layout_stronghold, serial_shops, nicolae_shop_rolling_square,
          uniq_kirke
D:15:     grunt_enter_depths_snipers, layout_loops_ring, enter_trove_2,
          ebering_ghost_xom, serial_bayou, serial_bayou_ford_a,
          serial_bayou_pond_e, serial_bayou_pond_d, serial_bayou_pond_a
Lair:1:   layout_roguey, grunt_megastairs_4, uniq_nergalle
Lair:2:   layout_gridlike, special_room, nicolae_lair_grazing_beasts
          [nicolae_sub_lair_graze_edge, nicolae_sub_lair_graze_edge,
          nicolae_sub_lair_graze_edge, nicolae_sub_lair_graze_edge],
          serial_bayou_shore_a, grunt_megastairs_2, infiniplex_staircase_pool_2
Lair:3:   layout_chaotic_city, palyth_hydra_swamp_entry,
          spider_nest_entry_web_field, lemuel_fruit_tree, serial_bayou_shore_b
Lair:4:   cheibrodos_lair_overgrown_chateau, layout_hall_layers, uniq_nessos
Lair:5:   grunt_lair_end_beastmaster, layout_concentric_octagons,
          minmay_slime_entry_eyes

Skill      XL: |  1  2  3  4  5  6  7  8  9 10 11 12 13 14 15 |
---------------+----------------------------------------------+-----
Spellcasting   | 2 3 4 6 7 8 9 10 11 12 13 | 13.1
Conjurations   | 4 5 6 7 8 9 10 11 12 13 14 | 14.5
Fire Magic     | 4 7 10 12 14 15 16 | 16.0
Armour         | 2 3 |  3.0
Dodging        | |  1.7
Stealth        | |  1.7

Action                     |  1- 3 |  4- 6 |  7- 9 | 10-12 | 13-15 || total
---------------------------+-------+-------+-------+-------+-------++-------
  Melee: Unarmed           |    10 |       |       |       |       ||    10
         Great sword       |       |       |     8 |    19 |     9 ||    36
   Cast: Magic Dart        |    78 |    42 |   146 |    92 |    82 ||   440
         Searing Ray       |     1 |    13 |    46 |     8 |       ||    68
         Fireball          |       |       |    12 |   181 |   252 ||   445
         Iskenderun's Myst |       |       |     4 |    60 |    94 ||   158
         Ignition          |       |       |       |       |     2 ||     2
         Freezing Cloud    |       |       |       |       |     2 ||     2
  Evoke: Wand              |       |       |       |    10 |     4 ||    14
    Use: Scroll            |       |       |       |    15 |     9 ||    24
 Armour: Robe              |     9 |    12 |    31 |       |       ||    52
         Leather armour    |       |       |    18 |    87 |    77 ||   182
  Dodge: Dodged            |    16 |     6 |    51 |    52 |    52 ||   177
